 Dungeon Crawl Stone Soup version 0.27-a0-203-gd48b2df3c9 (webtiles) character file.

Game seed: 5932673288490004648

788 sanka the Covert (level 7, -2/34 HPs)
             Began as a Vampire Enchanter on Jan 30, 2021.
             Was an Initiate of Hepliaklqana.
             Shot with an arrow by a centaur (3 damage)
             ... on level 5 of the Dungeon.
             The game lasted 00:11:47 (5695 turns).

sanka the Covert (Vampire Enchanter)                Turns: 5695, Time: 00:11:47

Health: -2/34      AC:  4    Str:  6 (7)  XL:     7   Next: 56%
Magic:  10/10      EV: 18    Int: 17 (19) God:    Hepliaklqana [......]
Gold:   286        SH:  0    Dex: 19 (21) Spells: 4/10 levels left

rFire    . . .     SeeInvis +   a - +1 dagger
rCold    + + .     Faith    .   (no shield)
rNeg     + + +     Spirit   .   b - +0 robe
rPois    ∞         Reflect  .   (no helmet)
rElec    .         Harm     .   s - +1 cloak
rCorr    .         Rampage  .   (no gloves)
Will     .....                  (no boots)
Stlth    ++++++....             (no amulet)
HPRegen  0.00/turn              y - +6 ring of dexterity
MPRegen  0.12/turn              q - +4 ring of evasion

@: bloodless
A: reduced essence, fangs 3, see invisible, unbreathing
a: Bat Form, Revivify, Renounce Religion, Recall Ancestor, Ancestor Identity


You were on level 5 of the Dungeon.
You worshipped Hepliaklqana.
Hepliaklqana was noncommittal.
You visited 1 branch of the dungeon, and saw 5 of its levels.

You collected 286 gold pieces.


Innate Abilities, Weirdness & Mutations

You do not regenerate when monsters are visible.
You are frail without blood (-20% HP).
You can heal yourself when you bite living creatures.
You are immune to poison.
You have razor-sharp teeth.
You have supernaturally acute eyesight. (SInv)
You can survive without breathing.
Your life essence is reduced to manifest your ancestor. (-10% HP)


   Skills:
 + Level 1.9 Fighting
 - Level 5.0 Short Blades
 + Level 3.3 Dodging
 - Level 8.0 Stealth
 - Level 2.0 Spellcasting
 - Level 8.0 Hexes


You had 4 spell levels left.
You knew the following spells:

 Your Spells              Type           Power        Failure   Level
x - Confusing Touch       Hex            28%          2%          3
z - Ensorcelled Hibernat  Hex/Ice        30%          5%          2
Z - Corona                Hex            31%          1%          1

Your spell library contained the following spells:

 Spells                   Type           Power        Failure   Level
 Tukima's Dance           Hex            28%          2%          3
 Dazzling Flash           Conj/Hex       30%          11%         3
 Shock                    Conj/Air       4%           19%         1
 Swiftness                Air            1%           28%         2
 Static Discharge         Conj/Air       1%           50%         3
 Airstrike                Air            0%           88%         4
 Lightning Bolt           Conj/Air       0%           99%         5

Inventory:

Hand Weapons
 a - a +1 dagger (weapon)
 u - a +3 quarterstaff of chaos
 v - a +0 great sword
Armour
 b - a +0 robe (worn)
 s - a +1 cloak (worn)
Jewellery
 q - a +4 ring of evasion (right hand)
 y - a +6 ring of dexterity (left hand)
Wands
 w - a wand of digging (3)
Scrolls
 c - 4 scrolls of identify {@r1}
 e - 2 scrolls of remove curse
 f - 3 scrolls of teleportation {@r4}
 g - 2 scrolls of noise {!r}
 i - a scroll of enchant armour
 k - 2 scrolls of fear
 m - 3 scrolls of amnesia
 p - a scroll of blinking
 r - a scroll of random uselessness
Potions
 d - a potion of brilliance {unknown}
 h - a potion of cancellation {unknown}
 j - a potion of heal wounds {unknown}
 l - 2 potions of degeneration {unknown}
 n - a potion of mutation {unknown}
 o - a potion of might {unknown}
 t - 2 potions of curing {unknown}
 x - a potion of invisibility {unknown}
 z - a potion of magic {unknown}
 A - a potion of haste {unknown}

Dungeon Overview and Level Annotations

Branches:
Dungeon (5/15)
 Temple: D:4-7

Altars:
Hepliaklqana
Kikubaaqudgha
Uskayaw
Zin

▒▒▒▒.. .▒.....
.......
▒▒......▒▒
..........▒▒
▒..........c.
▒...........▒▒
...▒..........V.▒
▒.............R.▒
....(..........▒▒
(.... ▒.......▒
.....▒▒▒.......▒
....▒.....†.▒▒
▒.....▒▒▒▒▒
▒.......▒
▒▒(.▒....▒


You could see the friendly Lucia the ancestor and a centaur.


Message History

Your Fighting skill increases to level 1!
m - 3 scrolls of amnesia (gained 1)
Things that are here:
a +0 shortbow; 21 arrows
There is an escape hatch in the ceiling here.
Found 24 sling bullets.
A sky beast comes into view.
Found 17 stones and a runed buckler.
A centaur comes into view.
The helpless sky beast fails to defend itself.
You spit the sky beast like a pig!!!
You kill the sky beast!
You feel your strength returning.
Your Dodging skill increases to level 3!
The centaur wields a cursed -1 shortbow.
The centaur shoots an arrow.
The arrow closely misses you.
The centaur shoots an arrow.
The arrow hits you.
The centaur shoots an arrow.
The arrow barely misses you.
The centaur shoots an arrow.
The arrow hits you!
* * * LOW HITPOINT WARNING * * *
The centaur shoots an arrow.
The arrow hits you!
* * * LOW HITPOINT WARNING * * *
The centaur shoots an arrow.
The arrow hits you.
You die...

Action                   |  1- 3 |  4- 6 |  7- 9 || total
-------------------------+-------+-------+-------++-------
Melee: Dagger            |   195 |   180 |    16 ||   391
       Bite              |    11 |    13 |       ||    24
 Cast: Ensorcelled Hiber |     5 |    34 |     2 ||    41
       Confusing Touch   |       |     8 |     1 ||     9
 Abil: End Transformatio |       |       |     1 ||     1
       Bat Form          |       |       |     1 ||     1
       Exsanguinate      |       |       |     1 ||     1
  Use: Scroll            |       |       |     8 ||     8
 Stab: Sleeping          |    10 |    39 |     6 ||    55
       Confused          |       |     9 |     2 ||    11
Armor: Robe              |    33 |    29 |     1 ||    63
Dodge: Dodged            |   116 |    95 |     9 ||   220

Levels and vault maps discovered:
D:1:      dpeg_arrival_morbid_curiosity, layout_basic, minmay_octomino_c4
D:2:      minmay_inner_zag, layout_basic, general_overflow_altar
D:3:      layout_basic, gammafunk_ghost_mausoleum, uniq_crazy_yiuf_cottage
D:4:      minmay_general_purpose_star, layout_cave_pools,
          gammafunk_temple_overflow_forgotten, serial_column_ruins,
          column_ruins_columns_straight, column_ruins_open_tiny,
          column_ruins_grid_1, column_ruins_open_tiny,
          column_ruins_columns_straight
D:5:      layout_cave_pools, gammafunk_temple_overflow_elements,
          minmay_temple_entry_trees

Notes
Turn   | Place    | Note
-------+----------+-------------------------------------------
     0 | D:1      | sanka the Vampire Enchanter began the quest for the Orb.
     0 | D:1      | Reached XP level 1. HP: 13/13 MP: 3/3
    91 | D:1      | Reached skill level 5 in Stealth
   162 | D:1      | Reached XP level 2. HP: 19/19 MP: 5/5
   165 | D:1      | Learned a level 2 spell: Ensorcelled Hibernation
   299 | D:1      | Reached skill level 6 in Stealth
   656 | D:1      | Reached XP level 3. HP: 22/24 MP: 6/6
   662 | D:1      | Learned a level 3 spell: Confusing Touch
   830 | D:1      | Reached skill level 7 in Stealth
  1398 | D:2      | Reached XP level 4. HP: 27/30 MP: 7/7
  1527 | D:2      | Found a hazy altar of Hepliaklqana.
  1842 | D:2      | Reached skill level 8 in Stealth
  2874 | D:2      | Reached skill level 2 in Short Blades
  2913 | D:3      | Reached skill level 3 in Short Blades
  2913 | D:3      | Reached XP level 5. HP: 35/35 MP: 5/8
  3354 | D:3      | Found a transporter.
  3354 | D:3      | Noticed sanka's ghost (amateur SpEn)
  3358 | D:3      | Found a transporter.
  3380 | D:3      | Reached skill level 4 in Short Blades
  3994 | D:3      | Found a runed translucent door.
  3995 | D:3      | Noticed Crazy Yiuf
  4287 | D:3      | Killed Crazy Yiuf
  4288 | D:3      | Reached XP level 6. HP: 14/41 MP: 4/9
  4499 | D:3      | Reached skill level 5 in Short Blades
  4594 | D:3      | Killed sanka's ghost
  4595 | D:3      | Reached skill level 6 in Hexes
  4861 | D:4      | Reached skill level 7 in Hexes
  4963 | D:4      | Reached XP level 7. HP: 33/46 MP: 2/10
  5050 | D:4      | Reached skill level 8 in Hexes
  5405 | D:4      | Found a hide-covered altar of Uskayaw.
  5406 | D:4      | Found an ancient bone altar of Kikubaaqudgha.
  5408 | D:4      | Found a glowing silver altar of Zin.
  5601 | D:2      | Became a worshipper of Hepliaklqana the Forgotten
  5668 | D:5      | Entered Level 5 of the Dungeon
  5675 | D:5      | Reached skill level 1 in Fighting
  5691 | D:5      | Reached skill level 3 in Dodging
  5695 | D:5      | HP: 1/34 [centaur/arrow (15)]
  5695 | D:5      | Shot with an arrow by a centaur

Vanquished Creatures
  The ghost of sanka the Covert, an amateur SpEn (D:3)
  A phantom (D:4)
  A sky beast (D:5)
  A centaur (D:5)
  Crazy Yiuf (D:3)
  2 centaur skeletons (D:3)
  2 worker ants (D:4)
  3 orc wizards
  A howler monkey zombie (D:3)
  A gnoll (D:4)
  6 adders
  4 oozes
  An adder skeleton (D:4)
  4 worms
  2 dart slugs (D:1)
  6 leopard geckos
  9 orcs
  10 bats
  2 giant cockroaches
  16 goblins
  8 hobgoblins
  6 jackals
  12 kobolds
  A quokka (D:3)
  2 ball pythons
  5 frilled lizards
  A quokka zombie (D:3)
  10 rats
119 creatures vanquished.
